 Dungeon Crawl Stone Soup version 0.21-a0-442-g848f44b (webtiles) character file.

61 AverageBear the Cutter (level 3, 0/22 HPs)
             Began as a Deep Elf Fighter on Nov 12, 2017.
             Was an Initiate of Ashenzari.
             Slain by a gnoll
             ... wielding a cursed -2 club
              (2 damage)
             ... on level 2 of the Dungeon.
             The game lasted 00:01:19 (1672 turns).

AverageBear the Cutter (Deep Elf Fighter)           Turns: 1672, Time: 00:01:20

Health: 0/22       AC:  7    Str: 14    XL:     3   Next: 83%
Magic:  5/5        EV:  6    Int: 12    God:    Ashenzari [......]
Gold:   61         SH:  8    Dex: 14    Spells: 2/2 levels left

rFire    . . .     SeeInvis .   a - +0 rapier
rCold    . . .     Gourm    .   c - +0 shield
rNeg     . . .     Faith    .   b - +1 scale mail
rPois    .         Spirit   .   (no helmet)
rElec    .         Reflect  .   (no cloak)
rCorr    .         Harm     .   (no gloves)
MR       .....                  (no boots)
Stlth    ..........             (no amulet)
HPRegen  0.07/turn              (no ring)
MPRegen  0.09/turn              (no ring)

@: no status effects
A: no striking features
a: Curse Item, Renounce Religion


You were on level 2 of the Dungeon.
You worshipped Ashenzari.
Ashenzari was noncommittal.
You were hungry.

You visited 1 branch of the dungeon, and saw 3 of its levels.

You collected 61 gold pieces.

Inventory:

Hand Weapons
 a - a +0 rapier (weapon)
Armour
 b - a +1 scale mail (worn)
 c - a +0 shield (worn)
Scrolls
 e - a scroll of enchant armour
 h - a scroll of recharging
 l - 2 scrolls of immolation
 m - a scroll of teleportation {unknown}
Potions
 d - a potion of might
 i - a potion of flight
Comestibles
 f - 2 bread rations
 j - a royal jelly
 k - a meat ration


   Skills:
 - Level 2.4 Fighting
 + Level 4.2 Short Blades
 - Level 2.4 Armour
 - Level 2.4 Shields


You had 2 spell levels left.
You didn't know any spells.

Dungeon Overview and Level Annotations

Branches:
Dungeon (3/15)

Altars:
Ashenzari
Makhleb
Ru
Sif Muna


Message History

Found a stone staircase leading down.
f - 2 bread rations (gained 1)
You are feeling hungry.
There is a stone staircase leading up here.
You climb upwards.
The gnoll throws a throwing net.
The throwing net hits you.
You become entangled in the net!
There is a stone staircase leading down here.
You see here a throwing net.
There are monsters nearby!
Unknown command.
You struggle against the net.
The gnoll hits you with a flail!
Ouch! That really hurt!
You struggle against the net.
The gnoll hits you with a flail.
The gnoll hits you from afar with a spear.
* * * LOW HITPOINT WARNING * * *
You struggle against the net.
The gnoll hits you with a club.
* * * LOW HITPOINT WARNING * * *
The gnoll barely misses you. x2
You rip the net and break free!
The gnoll hits you with a club.
You die...

#(......<....###.≈########
#............###≈........≈
######.##........≈.≈.≈.≈._
#.....#.#..≈........≈
#..##...#...≈######## ## ....#
#..##.......## #..## #. ....#
#.......##...####..####. ....#
#....g........(......... ....#
####.##@..(#..........## ....#
###..gg.###..........# ....#
#....g..# #..........# ....##
####.##....# ##.........#
....)###....##....# ##.......###
#.##.g.g...###....###........####
..##..##.#.# #......#........8.#.
..#...##...# #....#.#............
###.#.###### ##.###.#.######.....


You could see 4 gnolls.

Vanquished Creatures
  2 adders (D:3)
  A worm (D:2)
  3 dart slugs
  2 leopard geckos
  4 bats
  2 giant cockroaches (D:1)
  4 goblins
  5 hobgoblins (D:1)
  3 kobolds
  A quokka (D:2)
  4 frilled lizards
  A rat (D:1)
32 creatures vanquished.

Notes
Turn   | Place    | Note
-------+----------+-------------------------------------------
     0 | D:1      | AverageBear the Deep Elf Fighter began the quest for the Orb.
     0 | D:1      | Reached XP level 1. HP: 13/13 MP: 3/3
   296 | D:1      | Reached XP level 2. HP: 18/18 MP: 4/4
   362 | D:1      | Reached skill level 3 in Short Blades
   983 | D:2      | Reached XP level 3. HP: 15/22 MP: 5/5
  1151 | D:2      | Found a burning altar of Makhleb.
  1153 | D:2      | Found a deep blue altar of Sif Muna.
  1154 | D:2      | Found a shattered altar of Ashenzari.
  1176 | D:2      | Found a sacrificial altar of Ru.
  1236 | D:2      | Became a worshipper of Ashenzari the Shackled
  1362 | D:3      | Reached skill level 4 in Short Blades
  1672 | D:2      | Slain by a gnoll

Vault maps used:
D:1:      dpeg_arrival_tiny_f
D:2:      minitemple, first_bread, nicolae_ru_path_of_blood
D:3:      kennysheep_nondescript

Skill      XL: |  1  2  3 |
---------------+----------+-----
Short Blades   | 3 4 |  4.2
Fighting       | |  2.4
Armour         | |  2.4
Shields        | |  2.4

Action                   || total
-------------------------++-------
Melee: Rapier            ||   122
  Use: Scroll            ||     4
  Eat: Chunk             ||     2
Armor: Scale mail        ||    68
Dodge: Dodged            ||    30
Block: Shield            ||    66

Table legend:
 A = Spawn XP
 B = Non-spawn XP
 C = Spawn XP percentage of total XP
 D = Spawn monster count
 E = Non-spawn monster count
 F = Spawn count percentage of total count
 G = Total turns spent on level
                    A         B        C        D         E        F      G
               +---------+---------+-------+---------+---------+-------+---------
         Total |       0 |      88 |   0.0 |       0 |      32 |   0.0 |  1672
               +---------+---------+-------+---------+---------+-------+---------
           D:1 |       0 |      30 |   0.0 |       0 |      15 |   0.0 |   937
           D:2 |       0 |      20 |   0.0 |       0 |      10 |   0.0 |   402
           D:3 |       0 |      38 |   0.0 |       0 |       7 |   0.0 |   333
               +---------+---------+-------+---------+---------+-------+---------
